 Dungeon Crawl Stone Soup version 0.31-a0-202-g547052bce9 (webtiles) character file.

Game seed: 13753919855893052292

86 AvylaarBelgium the Conjurer (level 4, -2/24 HPs)
             Began as a Deep Elf Conjurer on June 26, 2023.
             Slain by a gnoll sergeant
             ... wielding a +2 trident of flaming
              (5 damage)
             ... on level 3 of the Dungeon.
             The game lasted 00:01:43 (1418 turns).

AvylaarBelgium the Conjurer (Deep Elf Conjurer)     Turns: 1418, Time: 00:01:46

Health: -2/24      AC:  2    Str:  4    XL:     4   Next: 27%
Magic:  12/12      EV: 12    Int: 25    God:
Gold:   128        SH:  0    Dex: 13    Spells: 9/12 levels left

rFire   . . .        (no weapon)
rCold   . . .        (no shield)
rNeg    . . .        a - +0 robe
rPois   .            (no helmet)
rElec   .            (no cloak)
rCorr   .            (no gloves)
SInv    .            (no boots)
Will    .....        j - amulet of magic regeneration
Stlth   ++           (no ring)
HPRegen 0.24/turn    (no ring)
MPRegen 0.53/turn

%: no passive effects
@: no status effects
A: no striking features
a: no special abilities


You were on level 3 of the Dungeon.
You visited 1 branch of the dungeon, and saw 3 of its levels.

You collected 128 gold pieces.

Inventory:

Hand Weapons
 o - a +0 short sword of freezing
Armour
 a - a +0 robe (worn)
Jewellery
 j - an amulet of magic regeneration (around neck)
Wands
 p - a wand of flame (18)
Scrolls
 d - 5 scrolls of teleportation {unknown}
 e - a scroll of poison {unknown}
 f - a scroll of brand weapon
 g - a scroll of identify {unknown}
 m - a scroll of enchant weapon {unknown}
 n - 3 scrolls of fog {unknown}
Potions
 b - a potion of magic
 c - a potion of degeneration {unknown}
 h - a potion of curing {unknown}
 i - a potion of ambrosia {unknown}
 k - a potion of enlightenment {unknown}
 l - 2 potions of might {unknown}


   Skills:
 - Level 2.4 Dodging
 - Level 2.4 Stealth
 + Level 4.8 Spellcasting
 + Level 5.5 Conjurations


You had 9 spell levels left.
You knew the following spells:

 Your Spells              Type           Power      Damage    Failure   Level
a - Magic Dart            Conj           100%       1d8       1%          1
b - Searing Ray           Conj           66%        2d6       1%          2

Your spell library contained the following spells:

 Spells                   Type           Power      Damage    Failure   Level
 Beastly Appendage        Tmut           12%        N/A       9%          1
 Dazzling Flash           Conj/Hex       38%        N/A       9%          3
 Wereblood                Tmut           6%         N/A       13%         2
 Spider Form              Tmut/Pois      6%         N/A       26%         3
 Fulminant Prism          Conj/Hex       9%         3d7       26%         4
 Iskenderun's Mystic Bla  Conj/Tloc      19%        2d6       26%         4


Dungeon Overview and Level Annotations

Branches:
Dungeon (3/15)

Altars:


Message History

The gnoll misses you.
The orc wizard gestures at you while chanting.
You are confused.
The gnoll bouda barks out a call to the hunt!
The gnolls pick up the pace!
The gnoll completely misses you.
You hear a shout!
The gnoll bouda calls upon its god to heal the gnoll.
The gnoll is healed somewhat.
The orc wizard attacks as you move away!
The orc wizard barely misses you.
An orc comes into view. It is wielding a +0 dagger.
Your attacks no longer feel as feeble.
The orc wizard gestures at you while chanting.
The magic dart hits you!
There is a huge open gate here.
An orc comes into view. It is wielding a +0 flail.
A gnoll comes into view. It is wielding a +0 spear.
There is a huge open gate here.
You feel less confused.
The gnoll bouda calls upon its god to heal the gnoll.
The gnoll's wounds heal themselves!
Casting: Searing Ray (safe; 1% risk of failure)
Confirm with . or Enter, or press ? or * to list all spells.
Okay, then.
Press: ? - help, v - describe, . - travel
Here: a gnoll sergeant, wielding a +2 trident of flaming and wearing a +0 ring mail (covering ground quickly)
A huge open gate.
Unknown command.
Okay, then.
As you read the scroll labelled TAGAOZ ENAGH, it crumbles to dust.
It is a scroll of brand weapon.
Your +0 short sword is covered with a thin layer of ice!
o - a +0 short sword of freezing The orc wizard hits you but does no damage.
The gnoll sergeant hits you from afar with a +2 trident of flaming!
Ouch! That really hurt!
* * * LOW HITPOINT WARNING * * *
The gnoll sergeant burns you.
You die...

#≈≈#.⌠.#.###### .# #. #
#...#......# #.# #. #
.~###..#.##.###.# ### #.
# ..........##†)..###..
.. #. #
.#.#########..#..#.###..
.. .................. ..
~~~~~~~~....~≈~≈~~
≈≈≈≈≈≈≈~....≈≈≈≈≈≈
~~~~~~~~.@..≈~~≈~~
.........oo.......
########'gog#####
#######..g.#
+.....'gog.+
#######.og.# ##go##
..o.. ........


You could see a gnoll sergeant (swift), a gnoll bouda, an orc wizard, 5 gnolls
and 6 orcs.

Vanquished Creatures
  A gnoll (D:3)
  An adder (D:3)
  2 worms (D:2)
  A dart slug (D:1)
  2 orcs (D:3)
  5 ball pythons
  2 bats
  8 endoplasms
  3 giant cockroaches
  7 goblins
  2 hobgoblins
  4 jackals (D:3)
  A quokka (D:3)
  3 frilled lizards
  6 kobolds
  4 rats
52 creatures vanquished.

Notes
Turn   | Place    | Note
-------+----------+-------------------------------------------
     0 | D:1      | AvylaarBelgium the Deep Elf Conjurer began the quest for
                  | the Orb.
     0 | D:1      | Reached XP level 1. HP: 10/10 MP: 6/6
   138 | D:1      | Reached XP level 2. HP: 15/15 MP: 1/8
   852 | D:2      | Reached skill level 5 in Conjurations
   852 | D:2      | Reached XP level 3. HP: 19/19 MP: 2/10
  1166 | D:3      | Learned a level 2 spell: Searing Ray
  1382 | D:3      | Reached XP level 4. HP: 24/24 MP: 10/12
  1409 | D:3      | Noticed a gnoll sergeant
  1418 | D:3      | Slain by a gnoll sergeant

Illustrated notes

Levels and vault maps discovered:
D:1:      minmay_arrival_up_and_down, layout_basic
D:2:      layout_rooms
D:3:      lemuel_castle_with_subvaults [lemuel_castle_interior_original],
          layout_loops_ring, fountainhead

Skill      XL: |  1  2 |
---------------+-------+-----
Spellcasting   | 4 |  4.8
Conjurations   | 5 |  5.5
Dodging        | |  2.4
Stealth        | |  2.4

Action                     |  1- 3 |  4- 6 || total
---------------------------+-------+-------++-------
  Melee: Unarmed           |     1 |       ||     1
   Cast: Magic Dart        |    87 |    11 ||    98
         Searing Ray       |       |     1 ||     1
    Use: Scroll            |       |     1 ||     1
 Armour: Robe              |       |     1 ||     1
  Dodge: Dodged            |     5 |     4 ||     9

Table legend: (Time is in decaauts)
 A = Elapsed time spent in this place.
 B = Non-inter-level travel time spent in this place.
 C = Inter-level travel time spent in this place.
 D = Time resting spent in this place.
 E = Time spent auto-exploring this place.
 F = Levels seen in this place.
 G = Mean time per level.
                   A        B        C        D        E       F      G
               +--------+--------+--------+--------+--------+-----+--------+
         Total |   1418 |   1366 |     52 |     67 |   1106 |   3 |  472.7 |
       Dungeon |   1418 |   1366 |     52 |     67 |   1106 |   3 |  472.7 |
               +--------+--------+--------+--------+--------+-----+--------+

Top non-repeatable levels by time:
     D:1: 764 daAuts
     D:2: 395 daAuts
     D:3: 258 daAuts
